Map: King Sejong Station LE

Players

Fropez - Winner!

  • Race: Protoss Protoss
  • League: Gold
  • Spawn Location: 5:00

Marc

  • Race: Terran Terran
  • League: Gold
  • Spawn Location: 11:00

VOD

Have the link to the VOD?

Description

Time

  • Played on: Nov. 17, 2016, 7:50 p.m.
  • Length: 19:28
Show
View Real Time Build Order
Export as new Build Order

Fropez Protoss - Winner!

Build Orders:  

Get SALT Encoding   

  12  0:01  Probe (Chrono Boost)  
  13  0:12  Probe (Chrono Boost)  
  14  0:18  Pylon  
  14  0:22  Probe (Chrono Boost)  
  15  0:29  Assimilator  
  15  0:36  Probe (Chrono Boost)  
  16  0:43  Gateway  
  16  0:46  Probe (Chrono Boost)  
  17  0:57  Probe (Chrono Boost)  
  17  1:01  Gateway  
  18  1:08  Probe (Chrono Boost)  
  19  1:12  Assimilator  
  19  1:18  Probe (Chrono Boost)  
  20  1:21  Pylon  
  20  1:32  Probe (Chrono Boost)  
  21  1:38  Cybernetics Core  
  21  1:42  Probe (Chrono Boost)  
  22  1:53  Probe (Chrono Boost)  
  22  1:55  Pylon  
  22  2:03  Warp Gate  
  22  2:07  Gateway  
  23  2:15  Mothership Core (Chrono Boost)  
  24  2:17  Adept (Chrono Boost)  
  28  2:26  Adept (Chrono Boost)  
  30  2:46  Adept (Chrono Boost)  
  30  2:50  Pylon  
  32  2:53  Adept (Chrono Boost)  
  32  2:56  Twilight Council  
  34  3:13  Adept (Chrono Boost)  
  34  3:22  Gateway  
  34  3:25  Probe  
  35  3:32  Resonating Glaives  
  35  4:15  Nexus  
  35  4:20  Probe  
  35  4:22  Pylon  
  36  4:27  Stalker x3  
  42  4:32  Stalker  
  44  4:49  Probe  
  43  4:58  Robotics Facility  
  43  5:01  Probe  
  43  5:12  Pylon  
  43  5:13  Probe  
  44  5:24  Pylon  
  44  5:29  Probe  
  44  5:30  Probe  
  45  5:41  Probe  
  45  5:42  Stalker x3  
  52  5:52  Probe  
  52  5:54  Probe  
  52  5:55  Observer (Chrono Boost)  
  54  6:09  Probe  
  54  6:10  Probe  
  56  6:19  Zealot  
  56  6:21  Probe  
  57  6:33  Probe x2  
  59  6:49  Stalker  
  61  6:54  Warp Prism (Chrono Boost)  
  63  7:02  Nexus  
  63  7:06  Pylon  
  57  7:57  Gateway  
  57  8:00  Gateway  
  57  8:01  Forge  
  57  8:04  Probe  
  58  8:05  Probe  
  59  8:13  Pylon  
  59  8:14  Probe  
  59  8:17  Probe  
  59  8:18  Assimilator, Gateway  
  59  8:19  Gateway  
  61  8:21  Adept  
  61  8:22  Adept x2, Assimilator  
  61  8:25  Probe  
  68  8:27  Gateway  
  68  8:30  Gateway  
  66  9:00  Probe  
  66  9:02  Probe  
  66  9:05  Assimilator  
  66  9:09  Protoss Ground Weapons Level 1  
  62  9:10  Assimilator  
  62  9:12  Pylon  
  62  9:14  Probe  
  62  9:15  Pylon  
  63  9:19  Photon Cannon  
  63  9:26  Probe, Blink (Chrono Boost)  
  63  9:27  Probe  
  63  9:30  Observer  
  64  9:36  Photon Cannon  
  59  9:40  Stalker x2  
  59  9:41  Stalker x5  
  60  9:54  Probe  
  60  9:56  Probe  
  60  10:01  Probe, Photon Cannon  
  60  10:05  Adept x2  
  60  10:06  Adept x3  
  71  10:16  Adept x2  
  71  10:17  Adept  
  75  10:45  Adept x3  
  75  10:46  Adept x6  
  77  11:12  Stalker x5  
  77  11:13  Stalker  
  80  11:37  Probe  
  80  11:39  Probe  
  82  11:53  Protoss Ground Weapons Level 2  
  70  12:05  Stalker x3  
  70  12:06  Stalker x5  
  70  12:07  Stalker  
  82  12:20  Photon Cannon  
  82  12:22  Photon Cannon  
  68  12:38  Stalker x3  
  70  12:49  Stalker x2  
  70  13:07  Stalker x2  
  70  13:08  Stalker x2  
  70  13:32  Adept x5  
  70  13:33  Adept  
  80  13:39  Stalker  
  80  14:03  Probe  
  80  14:05  Probe x2  
  75  14:30  Adept x4  
  75  14:31  Adept x4  
  87  14:39  Probe  
  87  14:40  Probe  
  87  14:41  Probe  
  90  14:49  Protoss Shields Level 1  
  90  15:03  Templar Archives  
  84  15:34  Adept x4  
  84  15:35  Adept x4  
  90  16:00  High Templar x3  
  90  16:01  High Templar x6  
  90  16:02  High Templar  
  106  16:04  Archon x2  
  106  16:05  Archon x3  
  102  16:37  Nexus  
  102  16:39  Assimilator  
  102  16:43  Assimilator  
  102  16:46  Pylon  
  102  16:49  Pylon  
  98  16:58  Pylon  
  98  17:12  High Templar x4  
  98  17:13  High Templar  
  98  17:15  Zealot x4  
  114  17:21  Charge (Chrono Boost)  
  116  18:15  High Templar x3  
  116  18:16  High Templar  
  116  18:17  Archon x2  
  124  18:20  High Templar, Archon  
  124  18:21  Archon  
  124  18:24  Archon  
  126  18:34  Zealot x4  
  130  18:41  Nexus  
  125  19:20  Zealot x8  
  125  19:21  Zealot x2  
Show
View Real Time Build Order
Export as new Build Order

Marc Terran 

Build Orders:  

Get SALT Encoding   

  12  0:12  Supply Depot  
  12  0:19  Refinery  
  12  0:35  Barracks  
  12  0:45  SCV  
  13  0:57  SCV  
  14  1:09  SCV  
  15  1:28  Orbital Command  
  15  1:32  Barracks Reactor  
  15  2:03  Factory  
  15  2:11  Marine x2  
  17  2:36  Refinery  
  17  2:40  Command Center  
  17  2:51  Factory Tech Lab  
  16  3:24  Widow Mine x2  
  20  3:27  Marauder  
  20  3:29  Starport  
  20  3:35  SCV  
  21  3:47  SCV  
  22  3:52  Orbital Command  
  22  4:04  Widow Mine x2  
  22  4:05  Liberator  
  29  4:41  Marauder  
  31  4:53  SCV  
  32  5:00  SCV  
  32  5:05  Engineering Bay  
  32  5:06  SCV  
  34  5:07  Supply Depot  
  34  5:13  Marauder  
  36  5:16  Widow Mine  
  38  5:23  Supply Depot  
  38  5:34  Marauder  
  37  6:00  Marauder  
  37  6:03  SCV x2  
  41  6:05  Factory Tech Lab  
  41  6:07  Supply Depot  
  41  6:10  Missile Turret  
  41  6:15  SCV x2  
  43  6:19  Missile Turret  
  43  6:26  Liberator  
  43  6:27  SCV x2  
  43  6:39  SCV  
  42  6:40  Orbital Command  
  42  6:43  Medivac  
  49  6:47  Siege Tank, Marauder  
  52  6:54  SCV  
  52  7:00  Supply Depot  
  53  7:02  Supply Depot  
  53  7:06  SCV  
  54  7:16  Stimpack  
  53  7:28  Liberator  
  47  7:35  SCV x2  
  42  7:46  Medivac  
  42  7:47  SCV  
  48  7:54  Marauder  
  50  8:09  SCV x2  
  52  8:13  Refinery x2  
  52  8:21  SCV  
  53  8:41  Widow Mine, Marauder  
  52  8:54  Liberator x2  
  50  9:16  SCV x2  
  58  9:28  SCV x2, Command Center  
  60  9:40  SCV x2  
  60  9:44  Missile Turret  
  60  9:45  Missile Turret  
  62  9:49  Missile Turret  
  62  9:52  SCV x2  
  59  10:04  SCV x2  
  59  10:05  Siege Tank, Marauder  
  66  10:14  Viking  
  66  10:15  Viking  
  66  10:16  SCV x2  
  67  10:50  SCV x2  
  65  11:02  SCV  
  64  11:11  Liberator  
  64  11:14  Command Center  
  64  11:15  SCV x2  
  64  11:16  Command Center  
  66  11:19  Terran Infantry Weapons Level 1  
  66  11:21  Barracks  
  63  11:40  Planetary Fortress  
  63  11:50  Liberator  
  63  11:51  SCV x2  
  65  12:03  SCV  
  69  12:22  Siege Tank, Marauder  
  74  12:25  SCV  
  74  12:28  Refinery  
  75  12:31  Refinery  
  70  12:37  SCV  
  70  12:43  Marauder  
  71  12:50  SCV  
  72  13:02  SCV  
  72  13:05  Marauder  
  65  13:14  SCV  
  60  13:23  SCV  
  60  13:24  SCV  
  60  13:26  SCV  
  56  13:36  SCV x2, Planetary Fortress  
  56  13:37  Barracks Reactor  
  56  13:38  SCV  
  56  13:40  Command Center  
  59  13:48  SCV x2  
  61  13:50  SCV  
  61  13:54  Marauder  
  64  14:00  SCV  
  64  14:02  SCV  
  66  14:05  Command Center  
  66  14:12  SCV, Liberator x2  
  60  14:32  Marine x2, Marauder  
  60  14:37  SCV  
  65  14:44  Refinery  
  65  14:49  SCV  
  65  14:50  Marine x2  
  68  14:53  Barracks  
  68  14:54  Marauder  
  68  14:55  Planetary Fortress  
  68  14:59  SCV  
  71  15:01  SCV  
  71  15:05  SCV  
  73  15:12  Marine, SCV  
  73  15:13  Marine, SCV  
  77  15:15  Marauder  
  77  15:17  SCV  
  68  15:24  SCV  
  68  15:25  SCV  
  63  15:29  SCV  
  63  15:30  Marine x2  
  64  15:36  SCV  
  64  15:37  SCV, Marauder  
  64  15:41  SCV  
  69  15:48  Marine x2, SCV  
  69  15:49  SCV  
  73  15:53  SCV  
  72  15:58  Marauder  
  72  16:01  SCV, Medivac  
  77  16:06  Marine x2  
  77  16:07  SCV  
  77  16:11  Refinery  
  78  16:14  SCV  
  67  16:19  SCV, Marauder  
  67  16:25  Marine x2  
  55  16:26  SCV  
  56  16:38  SCV  
  57  16:41  Marauder  
  57  16:42  Marine  
  57  16:43  Marine  
  61  17:00  Marine x2  
  56  17:02  Marauder  
  56  17:07  Orbital Command  
  56  17:13  SCV  
  57  17:25  SCV  
  57  17:26  Siege Tank  
  61  17:32  Barracks Reactor  
  61  17:37  SCV  
  61  17:43  SCV  
  63  17:50  SCV  
  64  17:51  SCV  
  64  17:55  SCV  
  66  18:02  SCV  
  67  18:07  SCV  
  57  18:19  SCV  
  58  18:29  SCV  
  58  18:31  SCV  
  60  18:41  SCV  
  45  18:43  SCV  
  45  18:48  Planetary Fortress  
  43  18:53  SCV  
  41  18:55  SCV  
  39  19:08  SCV  
Tags
 
Add a new tag
Caveats
  • Supply blocks, unpowered buildings, or Contaminate may cause inaccurate times.
  • Supply counts are checked every 10 seconds.